 Dungeon Crawl Stone Soup version 0.23.2-40-g277498a001 (webtiles) character file.

Game seed: 16486056544973805237

9965 MalarOregon the Zephyrmancer (level 11, -3/90 (92) HPs)
             Began as a Purple Draconian Air Elementalist on Sept 7, 2019.
             Was an Elder of Nemelex Xobeh.
             Slain by a six-headed hydra (7 damage)
             ... on level 2 of the Lair of Beasts.
             The game lasted 00:37:27 (14947 turns).

MalarOregon the Zephyrmancer (DrAE)                Turns: 14947, Time: 00:37:28

HP:   -3/90 (92)    AC:  9    Str: 11    XL:     11   Next: 30%
MP:   16/22         EV: 15    Int: 18    God:    Nemelex Xobeh [****..]
Gold: 648           SH:  5    Dex: 12    Spells: 15/25 levels left

rFire    . . .     SeeInvis .   D - +4 dagger (venom)
rCold    . . .     Gourm    .   h - +0 buckler
rNeg     . . .     Faith    .   (armour unavailable)
rPois    .         Spirit   .   q - +1 hat
rElec    .         Reflect  .   t - +0 cloak
rCorr    .         Harm     .   (no gloves)
MR       +....                  (no boots)
Stlth    ++........             B - amulet of the acrobat
HPRegen  0.25/turn              (no ring)
MPRegen  0.18/turn              (no ring)

@: no status effects
A: breathe power, unfitting armour, cold-blooded, AC +7
a: Breathe Dispelling Energy, Draw Escape, Draw Destruction, Draw Summoning,
Triple Draw, Deal Four, Renounce Religion


You were on level 2 of the Lair of Beasts.
You worshipped Nemelex Xobeh.
Nemelex Xobeh was greatly pleased with you.
You were hungry.

You visited 3 branches of the dungeon, and saw 12 of its levels.
You also visited: Sewer.

You collected 648 gold pieces.

Inventory:

Hand Weapons
 z - a +3 dagger of electrocution
   (You took it off Dowan on level 7 of the Dungeon)
 D - a +4 dagger of venom (weapon)
   (You took it off Nergalle on level 1 of the Lair of Beasts)
Armour
 h - a +0 buckler (worn)
   (You found it on level 1 of the Dungeon)
 q - a +1 hat (worn)
   (You acquired it on level 1 of the Lair of Beasts)
 t - a +0 cloak (worn)
   (You found it on level 1 of the Lair of Beasts)
Jewellery
 B - an amulet of the acrobat (around neck)
   (You found it on level 7 of the Dungeon)
Wands
 d - a wand of iceblast (4)
   (You found it on level 5 of the Dungeon)
 u - a wand of enslavement (7)
   (You found it on level 1 of the Lair of Beasts)
 v - a wand of digging (4)
   (You took it off an orc on level 9 of the Dungeon)
 x - a wand of acid (11)
   (You found it on level 5 of the Dungeon)
Scrolls
 b - a scroll of magic mapping
 c - 3 scrolls of enchant weapon
 g - 9 scrolls of identify {@r1}
 k - 5 scrolls of teleportation {@r4}
 l - a scroll of remove curse {@r2}
 o - a scroll of blinking
 r - 2 scrolls of amnesia
Potions
 a - 2 potions of curing {@q1}
 f - 2 potions of invisibility
 i - a potion of might
 j - a potion of agility
 m - 2 potions of lignification {!q}
 n - 3 potions of heal wounds {@q2}
 y - 3 potions of mutation {!q}
 A - 3 potions of flight
 C - 2 potions of haste {@q3}
 E - 2 potions of cancellation
Comestibles
 e - 20 rations {!d}


   Skills:
 + Level 7.1 Fighting
 + Level 6.5 Dodging
 - Level 1.7 Stealth
 - Level 4.0 Shields
 + Level 7.7 Spellcasting
 * Level 5.6 Conjurations
 + Level 9.3 Air Magic
 + Level 7.0 Invocations
 + Level 4.0 Evocations


You had 15 spell levels left.
You knew the following spells:

 Your Spells              Type           Power        Failure   Level  Hunger
a - Shock                 Conj/Air       ####         1%          1    None
b - Airstrike             Air            #####.....   2%          4    ###....
x - Lightning Bolt        Conj/Air       ####......   13%         5    #####..

Your spell library contained the following spells:

 Spells                   Type           Power        Failure   Level  Hunger
 Static Discharge         Conj/Air       ####....     1%          3    #......
 Swiftness                Chrm/Air       ###.....     2%          2    None
 Beastly Appendage        Tmut           #.....       10%         1    None
 Confusing Touch          Hex            #.....       10%         1    None
 Summon Small Mammal      Summ           #...         10%         1    None
 Summon Lightning Spire   Summ/Air       ###.....     14%         4    ###....
 Call Imp                 Summ           #.......     16%         2    None
 Sticks to Snakes         Tmut           #.......     16%         2    None
 Call Canine Familiar     Summ           #.......     30%         3    #......
 Confuse                  Hex            #.......     30%         3    #......
 Gell's Gravitas          Tloc           #.........   30%         3    #......
 Spider Form              Tmut/Pois      #.........   30%         3    #......
 Summon Guardian Golem    Hex/Summ       #.......     30%         3    #......
 Ice Form                 Ice/Tmut       #.......     69%         4    ###....
 Petrify                  Tmut/Erth      #.......     69%         4    ###....
 Summon Ice Beast         Ice/Summ       #.......     69%         4    ###....
 Blade Hands              Tmut           #.........   95%         5    #####..
 Metabolic Englaciation   Hex/Ice        #.........   95%         5    #####..
 Yara's Violent Unravell  Hex/Tmut       #.........   95%         5    #####..


Dungeon Overview and Level Annotations

Branches:
Dungeon (9/15)             Temple (1/1) D:4            Lair (2/6) D:8
    Orc (0/2) D:9
  Swamp: Lair:2-4    Shoals: Lair:2-4     Snake: Lair:2-4    Spider: Lair:2-4

Altars:
Ashenzari
Cheibriados
Dithmenos
Elyvilon
Fedhas
Gozag
Hepliaklqana
Makhleb
Nemelex Xobeh
Okawaru
Ru
Sif Muna
Trog
Uskayaw
Vehumet
Wu Jian
Xom
Zin

Shops:
D:8 :   D:9 ?


Innate Abilities, Weirdness & Mutations

You can breathe bolts of dispelling energy.
Your rich purple scales are hard. (AC +7)
You cannot fit into any form of body armour.
You are cold-blooded and may be slowed by cold attacks.


Message History

No target in view!
The six-headed hydra is too close now for your liking.
The six-headed hydra roars!
A six-headed hydra is nearby!
A six-headed hydra is nearby!
You completely miss the six-headed hydra.
The six-headed hydra bites you but does no damage.
The six-headed hydra bites you. The six-headed hydra bites you!
The six-headed hydra barely misses you. The six-headed hydra bites you.
The six-headed hydra bites you but does no damage.
Okay, then.
All of the chunks of flesh in your inventory have rotted away.
You are feeling hungry.
There is an escape hatch in the ceiling here.
You draw a card...
You have drawn the Pentagram.
You block the six-headed hydra's attack.
The six-headed hydra bites you. The six-headed hydra bites you!
You block the six-headed hydra's attack.
The six-headed hydra closely misses you.
The six-headed hydra misses you.
You draw a card...
You have drawn Vitriol.
Aim: a six-headed hydra The bolt of acid hits the six-headed hydra!!
The six-headed hydra is splashed with acid!
The acid corrodes the six-headed hydra!
You block the six-headed hydra's attack.
The six-headed hydra bites you but does no damage.
The six-headed hydra closely misses you.
The six-headed hydra bites you!
* * * LOW HITPOINT WARNING * * *
The six-headed hydra bites you!
* * * LOW HITPOINT WARNING * * *
The six-headed hydra bites you!
* * * LOW HITPOINT WARNING * * *
Your hell hound barely misses the six-headed hydra.
Unknown command.
Your hell hound bites the six-headed hydra!
The six-headed hydra completely misses your hell hound. x2
The six-headed hydra closely misses your hell hound.
The six-headed hydra bites your hell hound.
The six-headed hydra bites your hell hound! x2
Your hell hound dies!
Your hell hound's corpse disappears in a puff of smoke!
You draw a card...
You have drawn Velocity.
Nothing appears to happen.
The rust devil closely misses you. The six-headed hydra bites you!
* * * LOW HITPOINT WARNING * * *
The six-headed hydra bites you!
You die...
Your body glows with a rainbow of weird colours and disappears.

# ......................#
# ..................(...#
#
#.....#.#.......b.....###
......#####...........#.#
##P..# ##............##
#... ##..............#
###. #..............##
##D<..##.......#
#.@4..###..<...##
.#.....###.P.....#
.........###...#.P#
#..........##..####
#...#.#...[.....P#
#....#...........##
..###............P# ..#
#..........##..#
.##.........####.##


You could see a six-headed hydra and a rust devil.

Vanquished Creatures
  2 hydras (Lair:2)
  Fannar (Lair:1)
  Nergalle (Lair:1)
  2 spiny frogs (Lair:1)
  A black mamba (Lair:2)
  2 komodo dragons (Lair:2)
  2 hippogriffs
  A hungry ghost (D:7)
  6 porcupines
  Duvessa (D:7)
  3 water moccasins
  Purgy (Sewer)
  An orc warrior (D:5)
  A black bear (D:8)
  An ice beast (D:5)
  A sky beast (D:7)
  2 phantoms
  2 necrophages
  A centaur (D:5)
  4 ogres
  3 crocodiles (Lair:2)
  A big kobold (D:7)
  14 bullfrogs
  A gnoll sergeant (D:5)
  Dowan (D:7)
  2 scorpions
  2 wyvern zombies
  5 killer bees (D:7)
  3 crimson imps
  A jelly (D:7)
  9 orc priests
  4 hounds
  3 orc wizards
  A bullfrog skeleton (D:4)
  4 iguanas
  13 worker ants
  A killer bee zombie (D:8)
  A hound zombie (D:6)
  2 hound skeletons
  4 worker ant zombies
  8 gnolls
  A river rat (D:3)
  8 adders
  3 shadow imps
  2 oozes
  An adder zombie (D:5)
  An adder skeleton (D:4)
  5 worms
  2 dart slugs
  3 leopard geckos
  45 orcs
  5 bats
  6 giant cockroaches
  4 goblins
  5 hobgoblins
  11 jackals
  16 kobolds
  A quokka (D:4)
  A leopard gecko skeleton (D:4)
  5 rats
  2 fungi (D:8)
246 creatures vanquished.

Vanquished Creatures (others)
  15 fungi
  2 plants (Lair:2)
17 creatures vanquished.

Grand Total: 263 creatures vanquished

Notes
Turn   | Place    | Note
-------+----------+-------------------------------------------
     0 | D:1      | MalarOregon the Draconian Air Elementalist began the quest
                  | for the Orb.
     0 | D:1      | Reached XP level 1. HP: 14/14 MP: 3/3
     2 | D:1      | Noticed an elf
     2 | D:1      | Noticed a felid
     4 | D:1      | Noticed a human
     4 | D:1      | Noticed a demonspawn
     6 | D:1      | Noticed a formicid
     8 | D:1      | Noticed an octopode
    10 | D:1      | Noticed a demigod
   531 | D:1      | Noticed a troll
   531 | D:1      | Noticed a tengu
   533 | D:1      | Noticed a halfling
   533 | D:1      | Noticed a gargoyle
   535 | D:1      | Noticed an ogre
   535 | D:1      | Noticed a vine stalker
   537 | D:1      | Noticed a draconian
   537 | D:1      | Noticed a dwarf
   539 | D:1      | Noticed a naga
   539 | D:1      | Noticed a ghoul
   541 | D:1      | Noticed a spriggan
   543 | D:1      | Noticed a centaur
   543 | D:1      | Noticed a merfolk
   545 | D:1      | Noticed a minotaur
   545 | D:1      | Noticed a vampire
   936 | D:1      | Reached XP level 2. HP: 22/22 MP: 0/5
  1584 | D:2      | Reached skill level 1 in Fighting
  1584 | D:2      | Reached XP level 3. HP: 28/28 MP: 4/6
  2059 | D:2      | Found a sparkling altar of Nemelex Xobeh.
  2066 | D:2      | Reached skill level 1 in Shields
  2071 | D:2      | Became a worshipper of Nemelex Xobeh the Trickster
  2225 | D:2      | Reached XP level 4. HP: 35/35 MP: 0/7
  2233 | D:2      | Learned a level 4 spell: Airstrike
  2444 | D:3      | Found a glowing drain.
  2466 | Sewer    | Entered a sewer
  2557 | Sewer    | Received a gift from Nemelex Xobeh
  2568 | Sewer    | Noticed Purgy
  2583 | Sewer    | Killed Purgy
  2583 | Sewer    | Reached skill level 4 in Air Magic
  2583 | Sewer    | Reached skill level 1 in Invocations
  2583 | Sewer    | Reached XP level 5. HP: 21/41 MP: 5/9
  3289 | D:3      | Reached XP level 6. HP: 48/48 MP: 5/10
  3373 | D:3      | Reached * piety under Nemelex Xobeh
  3510 | D:4      | Found a deep blue altar of Sif Muna.
  3815 | D:4      | Reached skill level 5 in Air Magic
  3824 | D:4      | Your scales start taking on a rich purple colour.
  3824 | D:4      | Reached XP level 7. HP: 29/56 MP: 0/12
  4014 | D:4      | Found a staircase to the Ecumenical Temple.
  4022 | Temple   | Entered the Ecumenical Temple
  4160 | D:4      | Found a sparkling altar of Nemelex Xobeh.
  4555 | D:4      | Found a burning altar of Makhleb.
  4556 | D:4      | Found a shimmering altar of Xom.
  4750 | D:5      | Entered Level 5 of the Dungeon
  4850 | D:5      | Received a gift from Nemelex Xobeh
  5152 | D:5      | Reached XP level 8. HP: 33/63 MP: 1/14
  5356 | D:5      | Reached skill level 6 in Air Magic
  5627 | D:5      | Reached ** piety under Nemelex Xobeh
  5785 | D:5      | Received a gift from Nemelex Xobeh
  5907 | D:5      | Found an opulent altar of Gozag.
  6284 | D:6      | Reached skill level 5 in Spellcasting
  6554 | D:6      | HP: 1/66 [orc warrior/+0 long sword (16)]
  7186 | D:6      | Reached skill level 7 in Air Magic
  7408 | D:7      | Found a blossoming altar of Fedhas.
  7412 | D:7      | Reached XP level 9. HP: 72/72 MP: 8/17
  7576 | D:7      | Found a white marble altar of Elyvilon.
  7576 | D:7      | Found a snail-covered altar of Cheibriados.
  7801 | D:7      | Noticed Duvessa
  7806 | D:7      | Noticed Dowan
  7825 | D:7      | Killed Duvessa
  7825 | D:7      | Reached skill level 5 in Fighting
  7826 | D:7      | HP: 3/74 [Dowan/shard of ice (16)]
  7827 | D:7      | HP: 1/74 [Dowan/+2 dagger of electrocution (2)]
  7828 | D:7      | Killed Dowan
  8257 | D:7      | Reached skill level 5 in Invocations
  8272 | D:7      | Reached skill level 5 in Dodging
  8600 | D:7      | Reached skill level 8 in Air Magic
  9298 | D:7      | Learned a level 5 spell: Lightning Bolt
  9300 | D:7      | Received a gift from Nemelex Xobeh
  9523 | D:8      | Reached *** piety under Nemelex Xobeh
  9757 | D:8      | Reached XP level 10. HP: 75/81 MP: 2/19
  9759 | D:8      | Reached skill level 1 in Evocations
  9782 | D:8      | Found a staircase to the Lair.
 10206 | D:8      | Received a gift from Nemelex Xobeh
 10208 | D:8      | Found Ysuesy's Book Emporium.
 10981 | D:9      | Found a staircase to the Orcish Mines.
 11225 | D:9      | Found Obla's Magic Scroll Boutique.
 11313 | Lair:1   | Entered Level 1 of the Lair of Beasts
 11329 | Lair:1   | Noticed a spiny frog
 11335 | Lair:1   | Killed a spiny frog
 11370 | Lair:1   | Noticed Fannar
 11474 | Lair:1   | Noticed a spiny frog
 11475 | Lair:1   | Identified a scroll of acquirement
 11483 | Lair:1   | Received a gift from Nemelex Xobeh
 11489 | Lair:1   | Killed a spiny frog
 11589 | Lair:1   | Noticed a six-headed hydra
 11590 | Lair:1   | Identified the -2 hand axe of Midnight {venom, Fragile
                  | +Rage rF+++ MR-}
 12054 | Lair:1   | Noticed a seven-headed hydra
 12432 | Lair:1   | Reached **** piety under Nemelex Xobeh
 12518 | Lair:1   | Killed Fannar
 12598 | Lair:1   | Reached skill level 9 in Air Magic
 12603 | Lair:1   | Received a gift from Nemelex Xobeh
 12977 | Lair:2   | Noticed Nergalle
 13378 | Lair:2   | Noticed a spectral orc warlord
 13449 | Lair:1   | Killed Nergalle
 13946 | Lair:2   | Noticed a four-headed hydra
 13955 | Lair:2   | Killed a four-headed hydra
 13955 | Lair:2   | Reached skill level 5 in Conjurations
 13955 | Lair:2   | Reached XP level 11. HP: 18/89 MP: 2/22
 14314 | Lair:2   | Received a gift from Nemelex Xobeh
 14859 | Lair:2   | Killed a seven-headed hydra
 14862 | Lair:2   | Received a gift from Nemelex Xobeh
 14947 | Lair:2   | HP: 4/90 [six-headed hydra (12)]
 14947 | Lair:2   | Slain by a six-headed hydra

Skill      XL: |  1  2  3  4  5  6  7  8  9 10 11 |
---------------+----------------------------------+-----
Dodging        | 2 3 4 5 6 |  6.5
Fighting       | 1 2 3 4 5 6 7 |  7.1
Shields        | 1 2 3 4 |  4.0
Air Magic      | 4 5 7 8 9 |  9.3
Invocations    | 1 2 3 4 5 6 7 |  7.0
Spellcasting   | 3 4 5 6 7 |  7.7
Evocations     | 3 4 |  4.0
Conjurations   | 5 |  5.6
Stealth        | |  1.7

Action                   |  1- 3 |  4- 6 |  7- 9 | 10-12 || total
-------------------------+-------+-------+-------+-------++-------
Melee: Unarmed           |    20 |       |       |       ||    20
       Tailslap          |     3 |    11 |    31 |     5 ||    50
       Dagger            |    32 |    97 |   255 |    90 ||   474
 Cast: Shock             |    62 |    83 |   221 |   115 ||   481
       Airstrike         |       |       |    25 |    26 ||    51
       Lightning Bolt    |       |       |       |    15 ||    15
 Abil: Draw Destruction  |       |       |     1 |     3 ||     4
       Draw Escape       |       |       |       |     6 ||     6
       Draw Summoning    |       |       |       |     3 ||     3
Evoke: Wand              |       |       |     1 |     5 ||     6
  Use: Potion            |       |     2 |       |       ||     2
       Scroll            |       |       |       |    20 ||    20
 Stab: Sleeping          |     1 |       |     7 |       ||     8
  Eat: Chunk             |     4 |     6 |    21 |    10 ||    41
       Ration            |       |       |     1 |     4 ||     5
Armor: Skin              |    14 |    45 |    66 |    52 ||   177
Dodge: Dodged            |    18 |    78 |   227 |   130 ||   453
Block: Buckler           |       |       |    18 |    49 ||    67
